 Dungeon Sprint DCSS version 0.30-a0-364-gf6b3ef1049 (webtiles) character file.

Game seed: 3456779749358369215

1934 rocky1 the Impaler (level 8, -8/74 HPs)
             Began as a Minotaur Gladiator on Nov 15, 2022.
             Was an Initiate of Gozag.
             Mangled by Erolcha
             ... wielding a +0 giant club
              (25 damage)
             ... in the Dungeon (Sprint III: "The Ten Rune Challenge").
             The game lasted 00:02:12 (1054 turns).

rocky1 the Impaler (Minotaur Gladiator)             Turns: 1054, Time: 00:02:13

Health: -8/74      AC: 13    Str: 22    XL:     8   Next: 97%
Magic:  7/7        EV: 10    Int:  5    God:    Gozag
Gold:   1056       SH:  0    Dex: 11    Spells: 7/7 levels left

rFire   . . .      SeeInvis .    a - +0 trident
rCold   . . .      Faith    .    (no shield)
rNeg    . . .      Spirit   .    s - +0 plate armour
rPois   .          Reflect  .    c - +0 hat
rElec   .          Harm     .    (no cloak)
rCorr   .          Rampage  .    (no gloves)
Will    .....      NoTele   +    (no boots)
Stlth   ..........               (no amulet)
HPRegen 0.32/turn                (no ring)
MPRegen 0.10/turn                (no ring)

@: gold aura
A: horns 2, retaliatory headbutt
a: Renounce Religion, Potion Petition, Call Merchant, Bribe Branch


You were in the Dungeon.
You worshipped Gozag.
Gozag was most pleased with you.
You visited 1 branch You collected 1056 gold pieces.

Inventory:

Hand Weapons
 a - a +0 trident (weapon)
Missiles
 d - 2 throwing nets (quivered)
 e - a javelin
Armour
 b - a +0 leather armour
 c - a +0 hat (worn)
 s - a +0 plate armour (worn)
Scrolls
 k - a scroll of blinking
 m - 3 scrolls of identify {unknown}
 o - 2 scrolls of torment {unknown}
Potions
 f - 3 potions of curing
 h - a potion of haste
 i - 2 potions of magic
 j - a potion of berserk rage
 l - a potion of cancellation {unknown}
 n - 2 potions of mutation {unknown}
 p - 2 potions of flight {unknown}
 q - a potion of degeneration {unknown}
Miscellaneous
 r - a condenser vane


   Skills:
 + Level 8.0 Fighting
 + Level 15.2 Polearms
 - Level 4.1 Throwing
 + Level 8.3 Armour
 + Level 10.7 Dodging
 + Level 3.4 Stealth
 * Level 6.0 Evocations


You had 7 spell levels left.
You didn't know any spells.
Your spell library contained the following spells:

 Spells                   Type           Power      Damage    Failure   Level
 Apportation              Tloc           0%         N/A       100%        1
 Necrotise                Necr           0%         1d4       100%        1
 Summon Small Mammal      Summ           0%         N/A       100%        1


Dungeon Overview and Level Annotations

Branches:
Dungeon (1/1)

Altars:
Cheibriados
Dithmenos
Elyvilon
Fedhas
Gozag
Hepliaklqana
Kikubaaqudgha
Makhleb
Nemelex Xobeh
Okawaru
Qazlal
Ru
Sif Muna
Trog
Uskayaw
Vehumet
Wu Jian
Xom
Yredelemnul
Zin
The Shining One
Jiyva
Lugonu

Annotations:
D Erolcha


Innate Abilities, Weirdness & Mutations

You have a pair of horns on your head.
You reflexively headbutt those who attack you in melee.


Message History

The two-headed ogre hits you but does no damage.
You hit the two-headed ogre.
The two-headed ogre is moderately wounded.
You puncture the two-headed ogre! Your punch misses the two-headed ogre.
The two-headed ogre is heavily wounded.
You barely miss the two-headed ogre. You headbutt the two-headed ogre!
The two-headed ogre is heavily wounded.
The two-headed ogre barely misses you.
The two-headed ogre hits you with a +0 giant club!!
You puncture the two-headed ogre! You headbutt the two-headed ogre.
The two-headed ogre is almost dead.
You barely miss the two-headed ogre. You headbutt the two-headed ogre.
The two-headed ogre is almost dead.
The two-headed ogre hits you with a +0 giant club!
The two-headed ogre hits you but does no damage.
You puncture the two-headed ogre!
You kill the two-headed ogre!
Your Fighting skill increases to level 8!
Your Polearms skill increases to level 15!
Your Armour skill increases to level 8!
Your Evocations skill increases to level 6!
Something hits you!!
* * * LOW HITPOINT WARNING * * *
Items here: $ )))).
You hit something. You headbutt something!
Unknown command.
You feel much better.
Unknown command.
You hear a shout!
You hit something. You headbutt something.
You hear some strange, mumbled words.
You hear some strange, mumbled words.
Items here: $ )))).
You barely miss something. Your headbutt misses something. Something hits you!!
* * * LOW HITPOINT WARNING * * *
You hit something but do no damage. Your headbutt misses something.
You hit something. You headbutt something. You hit something but do no damage.
Something hits you!!
You die...
Your body crumbles into a pile of gold.

#### $ $$ #__# $
$$$ #._# $ $ #)##$
$ ...# $ $ $ ...#$
$ $$ $$ ##'#$$ $ $$
...#+##############
...#....#.#.#...@.#
...##.#..#.##.###{#
...'##.#.#.##)# .##
...#.).#..#..##..
▓▓▓▓▓▓▓▓▓▓▓▓▓▓▓▓▓


There were no monsters in sight!

Vanquished Creatures
  A deep elf pyromancer (D)
  A shadow (D)
  A spatial vortex (D)
  5 two-headed ogres (D)
  A necrophage (D)
  A water elemental (D)
  A jelly (D)
  A wizard (D)
  A necromancer (D)
  A kobold demonologist (D)
  3 humans (D)
  A phantom (D)
  An endoplasm (D)
  3 rats (D)
22 creatures vanquished.

Notes
Turn   | Place    | Note
-------+----------+-------------------------------------------
     0 | D        | rocky1 the Minotaur Gladiator began the quest for the Orb.
     0 | D        | Reached XP level 1. HP: 18/18 MP: 0/0
    11 | D        | Reached skill level 4 in Polearms
    61 | D        | Reached skill level 5 in Polearms
    61 | D        | Reached XP level 2. HP: 16/26 MP: 1/1
   109 | D        | Reached skill level 5 in Dodging
   156 | D        | Noticed a water elemental
   160 | D        | Killed a water elemental
   161 | D        | Reached skill level 7 in Polearms
   161 | D        | Reached skill level 1 in Armour
   161 | D        | Reached XP level 3. HP: 26/33 MP: 2/2
   161 | D        | Reached XP level 4. HP: 32/40 MP: 3/3
   193 | D        | Noticed a shadow
   200 | D        | Killed a shadow
   201 | D        | Reached skill level 9 in Polearms
   201 | D        | Reached skill level 1 in Stealth
   201 | D        | Reached XP level 5. HP: 37/47 MP: 4/4
   205 | D        | Reached skill level 5 in Fighting
   205 | D        | Reached skill level 10 in Polearms
   266 | D        | Found a blossoming altar of Fedhas.
   266 | D        | Found a stormy altar of Qazlal.
   266 | D        | Found a snail-covered altar of Cheibriados.
   266 | D        | Found a burning altar of Makhleb.
   266 | D        | Found a shimmering altar of Xom.
   266 | D        | Noticed a spatial vortex
   267 | D        | Found a hazy altar of Hepliaklqana.
   267 | D        | Found an opulent altar of Gozag.
   267 | D        | Found a sparkling altar of Nemelex Xobeh.
   267 | D        | Found a corrupted altar of Lugonu.
   267 | D        | Found a viscous altar of Jiyva.
   275 | D        | Became a worshipper of Gozag Ym Sagoz the Greedy
   277 | D        | Killed a spatial vortex
   278 | D        | Reached skill level 11 in Polearms
   278 | D        | Reached XP level 6. HP: 36/56 MP: 5/5
   357 | D        | Found a basalt altar of Yredelemnul.
   357 | D        | Found a shadowy altar of Dithmenos.
   357 | D        | Found a sacrificial altar of Ru.
   367 | D        | Reached skill level 5 in Armour
   367 | D        | Reached skill level 1 in Evocations
   483 | D        | Found a radiant altar of Vehumet.
   483 | D        | Found a shimmering blue altar of Sif Muna.
   483 | D        | Found an ancient bone altar of Kikubaaqudgha.
   540 | D        | Found a glowing silver altar of Zin.
   540 | D        | Found a glowing golden altar of the Shining One.
   540 | D        | Found a white marble altar of Elyvilon.
   541 | D        | Noticed a deep elf pyromancer
   546 | D        | Killed a deep elf pyromancer
   547 | D        | Reached skill level 13 in Polearms
   547 | D        | Reached skill level 10 in Dodging
   547 | D        | Reached XP level 7. HP: 59/64 MP: 6/6
   564 | D        | Found a hide-covered altar of Uskayaw.
   564 | D        | Found an iron altar of Okawaru.
   564 | D        | Found a bloodstained altar of Trog.
   564 | D        | Found an ornate altar of the Wu Jian Council.
   564 | D        | Noticed a human
   564 | D        | Noticed a human
   574 | D        | Killed a human
   575 | D        | Reached XP level 8. HP: 60/71 MP: 7/7
   581 | D        | Reached skill level 14 in Polearms
   833 | D        | Reached skill level 5 in Evocations
   891 | D        | Noticed a two-headed ogre
   905 | D        | Killed a two-headed ogre
  1026 | D        | Noticed Erolcha
  1031 | D        | Noticed a two-headed ogre
  1044 | D        | Killed a two-headed ogre
  1045 | D        | Reached skill level 15 in Polearms
  1054 | D        | Mangled by Erolcha

Illustrated notes

Levels and vault maps discovered:
D:        dungeon_sprint_mu [sprint_mu_entry_cave, sprint_mu_temple_rooms,
          sprint_mu_d1_spiders, sprint_mu_d2_genie, sprint_mu_d3_branching,
          sprint_mu_orc_legion, sprint_mu_elf_gauntlet, sprint_mu_hive_nellie,
          sprint_mu_lair_fedhas, sprint_mu_vaults_butterflies,
          sprint_mu_slime_circle, sprint_mu_shoals_archi,
          sprint_mu_snake_twists, sprint_mu_blade_basic, sprint_mu_crypt_lich,
          sprint_mu_tomb_spiral, sprint_mu_vestibule_basic,
          sprint_mu_gehenna_hellfire, sprint_mu_dis_giant,
          sprint_mu_tartarus_statrot, sprint_mu_cocytus_islands, sprint_mu_zot1]

Skill      XL: |  1  2  3  4  5  6  7  8 |
---------------+-------------------------+-----
Polearms       | 5 7 9 11 13 15 | 15.2
Fighting       | 3 4 5 6 8 |  8.0
Dodging        | 4 6 8 9 10 | 10.7
Throwing       | 3 4 |  4.1
Armour         | 1 3 4 6 8 |  8.3
Stealth        | 1 2 3 |  3.4
Evocations     | 4 6 |  6.0

Action                   |  1- 3 |  4- 6 |  7- 9 || total
-------------------------+-------+-------+-------++-------
Melee: Trident           |    20 |    42 |    61 ||   123
       Headbutt          |     5 |    10 |    18 ||    33
       Punch             |       |     1 |     1 ||     2
Throw: Throwing net      |     1 |       |       ||     1
  Use: Potion            |       |       |     1 ||     1
 Stab: Held in net/web   |     1 |       |       ||     1
Armor: Leather armour    |       |     1 |       ||     1
       Plate armour      |       |       |     4 ||     4
Dodge: Dodged            |     3 |    14 |    20 ||    37

Table legend: (Time is in decaauts)
 A = Elapsed time spent in this place.
 B = Non-inter-level travel time spent in this place.
 C = Inter-level travel time spent in this place.
 D = Time resting spent in this place.
 E = Time spent auto-exploring this place.
 F = Levels seen in this place.
 G = Mean time per level.
                   A        B        C        D        E       F      G
               +--------+--------+--------+--------+--------+-----+--------+
         Total |   1021 |   1011 |     10 |    701 |     14 |   1 | 1021.0 |
       Dungeon |   1021 |   1011 |     10 |    701 |     14 |   1 | 1021.0 |
               +--------+--------+--------+--------+--------+-----+--------+

Top non-repeatable levels by time:
       D: 1021 daAuts
